 Dungeon Crawl Stone Soup version 0.28-a0-909-g796cbd3a86 (webtiles) character file.

Game seed: 12356018270846562330

98 bande the Covered (level 4, -2/29 HPs)
             Began as a Gargoyle Fighter on Nov 24, 2021.
             Slain by Pargi (6 damage)
             ... on level 3 of the Dungeon.
             The game lasted 00:02:56 (2524 turns).

bande the Covered (Gargoyle Fighter)                Turns: 2524, Time: 00:02:57

Health: -2/29      AC: 13    Str: 21    XL:     4   Next: 71%
Magic:  4/4        EV:  7    Int:  8    God:
Gold:   78         SH:  4    Dex:  9    Spells: 3/3 levels left

rFire   . . .      SeeInvis .   a - +0 war axe (vorpal)
rCold   . . .      Faith    .   c - +0 buckler
rNeg    + . .      Spirit   .   h - +0 chain mail
rPois   ∞          Reflect  .   g - +1 helmet
rElec   +          Harm     .   j - +1 cloak
rCorr   .          Rampage  .   (no gloves)
Will    +....                   (no boots)
Stlth   ..........              (no amulet)
HPRegen 0.09/turn               (no ring)
MPRegen 0.09/turn               (no ring)

@: mighty
A: sickness immunity, AC +3, negative energy resistance 1, electricity
resistance, torment resistance 1, petrification resistance, deformed body,
strong-willed 1
a: no special abilities


You were on level 3 of the Dungeon.
You visited 1 branch of the dungeon, and saw 3 of its levels.

You collected 78 gold pieces.

Inventory:

Hand Weapons
 a - a +0 vorpal war axe (weapon)
Armour
 c - a +0 buckler (worn)
 g - a +1 helmet (worn)
 h - a +0 chain mail (worn)
 j - a +1 cloak (worn)
Jewellery
 b - a ring of resist corrosion
Scrolls
 f - a scroll of identify
Potions
 e - a potion of magic


   Skills:
 + Level 3.7 Fighting
 + Level 3.0 Axes
 + Level 4.2 Armour
 + Level 0.1 Stealth
 + Level 3.8 Shields


You had 3 spell levels left.
You didn't know any spells.
Your spell library was empty.

Dungeon Overview and Level Annotations

Branches:
Dungeon (3/15)

Altars:

Shops:
D:1 [

Annotations:
D:3 Pargi


Innate Abilities, Weirdness & Mutations

You are immune to sickness and miasma.
Your stone body is resilient. (AC +3)
You are immune to poison.
You resist negative energy. (rN+)
You are resistant to electric shocks. (rElec)
You are resistant to unholy torment.
You are immune to petrification.
Armour fits poorly on your strangely shaped body.
You are strong-willed. (Will+)


Message History

Pargi is moderately wounded.
Pargi bites you but does no damage. Pargi claws you but does no damage. x2
You barely miss Pargi.
Pargi is lightly wounded.
You block Pargi's attack. Pargi barely misses you.
Pargi claws you but does no damage. Pargi closely misses you.
You block Pargi's attack. Pargi claws you but does no damage.
You closely miss Pargi.
Pargi is lightly wounded.
Pargi bites you but does no damage. Pargi claws you.
* * * LOW HITPOINT WARNING * * *
Pargi claws you but does no damage.
It was a potion of mutation.
You feel extremely strange.
You feel stupid.
You feel clever.
Your body twists and deforms.
You feel strong-willed. Pargi bites you but does no damage.
Pargi barely misses you. You block Pargi's attack.
You slash Pargi!
Pargi is moderately wounded.
Pargi bites you but does no damage. You block Pargi's attack.
Pargi claws you but does no damage.
You barely miss Pargi.
Pargi is moderately wounded.
Pargi bites you.
* * * LOW HITPOINT WARNING * * *
Pargi claws you but does no damage. You block Pargi's attack.
Pargi snarls, "My home!
Leave!"
Pargi bites you but does no damage. Pargi claws you.
* * * LOW HITPOINT WARNING * * *
Pargi closely misses you.
You feel very mighty all of a sudden. Pargi barely misses you.
Pargi claws you but does no damage. x2
You closely miss Pargi.
Pargi is moderately wounded.
Pargi barely misses you. Pargi completely misses you.
Pargi claws you but does no damage.
You barely miss Pargi.
Pargi is lightly wounded.
Pargi bites you.
You die...

#.#.##.# #.#....#
##########.###..#
#.......##.###..#
####.#####.##......#
.....#####........##
..............#####
....##.##.##.# .
#@##.##.#
......T)...##.#
#.#####.#####.# #.#
#.# .!. ..# ... ...
#...#


You could see Pargi.

Vanquished Creatures
  Crazy Yiuf (D:2)
  Terence (D:2)
  A worm (D:2)
  A dart slug (D:2)
  3 ball pythons
  2 endoplasms
  4 goblins
  7 hobgoblins
  2 jackals (D:1)
  5 bats
  2 frilled lizards
  A kobold (D:3)
  7 rats
37 creatures vanquished.

Notes
Turn   | Place    | Note
-------+----------+-------------------------------------------
     0 | D:1      | bande the Gargoyle Fighter began the quest for the Orb.
     0 | D:1      | Reached XP level 1. HP: 14/14 MP: 1/1
   255 | D:1      | Reached XP level 2. HP: 15/19 MP: 2/2
   405 | D:1      | Found Veejee's Antique Armour Boutique.
   561 | D:1      | Found a faded altar of an unknown god.
  1224 | D:2      | Reached XP level 3. HP: 18/23 MP: 3/3
  1526 | D:2      | Noticed Terence
  1540 | D:2      | Killed Terence
  1541 | D:2      | Reached skill level 4 in Armour
  1541 | D:2      | Reached XP level 4. HP: 8/28 MP: 4/4
  1874 | D:2      | Found a runed translucent door.
  1875 | D:2      | Noticed Crazy Yiuf
  2144 | D:2      | Killed Crazy Yiuf
  2490 | D:3      | Noticed Pargi
  2519 | D:3      | Gained mutation: You are dopey. (Int -2) [potion of
                  | mutation]
  2519 | D:3      | Lost mutation: You are dopey. (Int -2) [potion of mutation]
  2519 | D:3      | Gained mutation: Armour fits poorly on your strangely
                  | shaped body. [potion of mutation]
  2519 | D:3      | Gained mutation: You are strong-willed. (Will+) [potion of
                  | mutation]
  2524 | D:3      | Slain by Pargi

Illustrated notes

Levels and vault maps discovered:
D:1:      scummos_arrival_hexagon, layout_loops_corners, basic_ecumenical_altar,
          serial_shops, nicolae_shop_waterfront
D:2:      layout_basic, roderic_cross_of_infinity, uniq_terence,
          uniq_crazy_yiuf_cottage
D:3:      layout_loops_cross, mainiacjoe_overflow_cross_hatched,
          serial_park_tiny_1, uniq_sigmund, uniq_pargi, uniq_ijyb, uniq_robin

Skill      XL: |  1  2  3  4 |
---------------+-------------+-----
Axes           | 2 3 |  3.0
Armour         | 4 |  4.2
Fighting       | |  3.7
Stealth        | |  0.1
Shields        | |  3.8

Action                   |  1- 3 |  4- 6 || total
-------------------------+-------+-------++-------
Melee: War axe           |   108 |    51 ||   159
  Use: Scroll            |     4 |     1 ||     5
       Potion            |       |     2 ||     2
Armor: Scale mail        |    63 |       ||    63
       Chain mail        |       |    70 ||    70
Dodge: Dodged            |    45 |    31 ||    76
Block: Buckler           |    18 |    25 ||    43

Table legend: (Time is in decaauts)
 A = Elapsed time spent in this place.
 B = Non-inter-level travel time spent in this place.
 C = Inter-level travel time spent in this place.
 D = Time resting spent in this place.
 E = Time spent auto-exploring this place.
 F = Levels seen in this place.
 G = Mean time per level.
                   A        B        C        D        E       F      G
               +--------+--------+--------+--------+--------+-----+--------+
         Total |   2575 |   2540 |     35 |    554 |   1569 |   3 |  858.3 |
       Dungeon |   2575 |   2540 |     35 |    554 |   1569 |   3 |  858.3 |
               +--------+--------+--------+--------+--------+-----+--------+

Top non-repeatable levels by time:
     D:2: 1301 daAuts
     D:1: 1191 daAuts
     D:3: 82 daAuts
